 Dungeon Crawl Stone Soup version 0.26.1-11-gd32895ea62 (webtiles) character file.

Game seed: 12826004609499715825

1246 Kukuleta the Shield-Bearer (level 8, 0/64 HPs)
             Began as a Formicid Fighter on July 6, 2021.
             Slain by an ice beast (21 damage)
             ... on level 5 of the Dungeon on July 9, 2021.
             The game lasted 00:19:09 (4875 turns).

Kukuleta the Shield-Bearer (Formicid Fighter)       Turns: 4875, Time: 00:19:09

Health: 0/64       AC:  8    Str: 23    XL:     8   Next: 79%
Magic:  8/8        EV:  9    Int:  8    God:
Gold:   201        SH: 10    Dex: 10    Spells: 7/7 levels left

rFire    + . .     SeeInvis +   a - +0 long sword
rCold    x . .     Faith    .   c - +0 kite shield
rNeg     . . .     Spirit   .   b - +0 scale mail
rPois    .         Reflect  .   (helmet unavailable)
rElec    .         Harm     .   e - +0 cloak
rCorr    .         Rampage  .   (no gloves)
Will     .....                  (no boots)
Stlth    ..........             m - amulet of regeneration
HPRegen  0.60/turn              v - ring of fire
MPRegen  0.11/turn              (no ring)

@: no status effects
A: permanent stasis, dig shafts and tunnels, four strong arms, antennae 3
a: Dig, Shaft Self


You were on level 5 of the Dungeon.
You visited 1 branch of the dungeon, and saw 5 of its levels.

You collected 201 gold pieces.

Inventory:

Hand Weapons
 a - a +0 long sword (weapon)
Armour
 b - a +0 scale mail (worn)
 c - a +0 kite shield (worn)
 e - a +0 cloak (worn)
Jewellery
 m - an amulet of regeneration (around neck)
 v - a ring of fire (left hand)
 y - a +6 ring of dexterity {unknown}
Wands
 l - a wand of paralysis (9)
Scrolls
 f - a scroll of teleportation
 g - a scroll of remove curse {unknown}
 i - a scroll of fear
 j - 3 scrolls of identify
 k - a scroll of fog {unknown}
 n - a scroll of blinking {unknown}
 p - a scroll of immolation {unknown}
 q - a scroll of enchant armour {unknown}
 t - a scroll of amnesia {unknown}
 w - a scroll of magic mapping {unknown}
Potions
 d - 2 potions of might
 h - 2 potions of heal wounds
 o - a potion of mutation {unknown}
 r - a potion of berserk rage {unknown}
 s - a potion of flight {unknown}
 u - 2 potions of haste {unknown}
 x - a potion of curing


   Skills:
 + Level 5.8 Fighting
 * Level 6.4 Long Blades
 + Level 5.9 Armour
 - Level 0.6 Dodging
 + Level 6.5 Shields


You had 7 spell levels left.
You didn't know any spells.
Your spell library was empty.

Dungeon Overview and Level Annotations

Branches:
Dungeon (5/15)
 Temple: D:4-7

Altars:
Cheibriados
Dithmenos
Elyvilon
Yredelemnul


Innate Abilities, Weirdness & Mutations

You cannot be hasted, slowed, berserked, paralysed or teleported.
You can dig through walls and to a lower floor.
Your four strong arms can wield two-handed weapons with a shield.
You have a pair of large antennae on your head. (SInv)


Message History

The white imp is heavily wounded.
You block the white imp's attack.
You slash the white imp!
You kill the white imp!
The ice beast hits you but does no damage.
You closely miss the ice beast.
The ice beast hits you but does no damage.
You closely miss the ice beast. You block the ice beast's attack.
The centaur shoots an arrow.
The arrow hits you.
You barely miss the ice beast.
The centaur shoots an arrow.
The arrow hits you. You block the ice beast's attack.
You barely miss the ice beast.
The centaur shoots an arrow.
You block the arrow. The ice beast closely misses you.
The centaur shoots an arrow.
The arrow barely misses you.
You barely miss the ice beast. The ice beast hits you.
The ice beast freezes you!
You feel a terrible chill!
The centaur shoots an arrow.
The arrow hits you.
The centaur shoots an arrow.
The arrow barely misses you. The ice beast hits you.
The ice beast freezes you!!
You feel a terrible chill!
You die...

........$.......
............<.##
...............#
........(......#
..#.......!....#
....?..c.........
######(..#####.#
#(Y### .. ##@.#######
.. #.......... #.#
####..####.... #..
##..(.## ## ....
#.###..##.###. #...#
#..#..........
....####......##....
...##.........# ......
............####......


You could see an ice beast and a centaur.

Vanquished Creatures
  Pikel (D:4)
  Sigmund (D:3)
  A steam dragon (D:4)
  A phantom (D:2)
  A howler monkey (D:4)
  2 orc wizards
  2 orc priests
  2 worker ants
  9 adders
  2 white imps (D:5)
  6 oozes
  An adder skeleton (D:5)
  4 worms
  2 dart slugs (D:1)
  A leopard gecko (D:5)
  14 orcs
  2 ball pythons (D:2)
  6 bats
  3 giant cockroaches
  4 goblins
  5 hobgoblins
  5 jackals
  2 quokkas
  10 frilled lizards
  7 kobolds
  A leopard gecko skeleton (D:5)
  5 rats
100 creatures vanquished.

Vanquished Creatures (others)
  An ufetubus (D:5)
  5 plants (D:5)
6 creatures vanquished.

Grand Total: 106 creatures vanquished

Notes
Turn   | Place    | Note
-------+----------+-------------------------------------------
     0 | D:1      | Kukuleta the Formicid Fighter began the quest for the Orb.
     0 | D:1      | Reached XP level 1. HP: 18/18 MP: 1/1
   149 | D:1      | Reached XP level 2. HP: 24/24 MP: 2/2
   530 | D:1      | Reached XP level 3. HP: 29/29 MP: 3/3
   855 | D:2      | Found a basalt altar of Yredelemnul.
   949 | D:2      | Reached XP level 4. HP: 25/37 MP: 4/4
  1718 | D:2      | Reached XP level 5. HP: 42/42 MP: 5/5
  2279 | D:3      | Noticed a phantom
  2279 | D:3      | Noticed Sigmund
  2459 | D:2      | Killed a phantom
  2460 | D:2      | Reached XP level 6. HP: 22/48 MP: 6/6
  2706 | D:3      | Killed Sigmund
  2707 | D:3      | Reached skill level 5 in Shields
  2707 | D:3      | Reached XP level 7. HP: 20/55 MP: 7/7
  3266 | D:3      | Found a white marble altar of Elyvilon.
  3694 | D:4      | Noticed Pikel
  3727 | D:4      | Killed Pikel
  3728 | D:4      | Reached skill level 5 in Fighting
  3728 | D:4      | Reached skill level 5 in Long Blades
  3728 | D:4      | Reached skill level 5 in Armour
  3728 | D:4      | Reached XP level 8. HP: 13/62 MP: 8/8
  4200 | D:4      | Found a snail-covered altar of Cheibriados.
  4533 | D:5      | Entered Level 5 of the Dungeon
  4700 | D:5      | Found a shadowy altar of Dithmenos.
  4875 | D:5      | Slain by an ice beast

Illustrated notes

Levels and vault maps discovered:
D:1:      dpeg_arrival_concentric_ovals, layout_basic,
          ebering_dispersal_statue_hall
D:2:      layout_loops_ring, yredelemnul_altar_generic
D:3:      layout_rooms, marbit_many_paths, corner_web_ring, uniq_sigmund
D:4:      layout_basic, lemuel_round_altar, uniq_pikel
D:5:      layout_rooms, nicolae_dithmenos_through_a_glass_darkly,
          minmay_temple_entry_gardened_gates, nicolae_ossuary_entry_catacombs,
          chequers_serial_rivers_room_b

Skill      XL: |  1  2  3  4  5  6  7  8 |
---------------+-------------------------+-----
Shields        | 4 5 6 |  6.5
Long Blades    | 3 4 5 6 |  6.4
Armour         | 4 5 |  5.9
Fighting       | 4 5 |  5.8
Dodging        | |  0.6

Action                   |  1- 3 |  4- 6 |  7- 9 || total
-------------------------+-------+-------+-------++-------
Melee: Long sword        |    97 |   112 |   213 ||   422
  Use: Potion            |       |       |     2 ||     2
       Scroll            |       |       |     3 ||     3
Armor: Scale mail        |    35 |    59 |    77 ||   171
Dodge: Dodged            |    43 |    30 |    83 ||   156
Block: Kite shield       |    56 |    61 |    97 ||   214
       Rpst.: Long sword |    15 |    11 |    16 ||    42
